 Dungeon Crawl Stone Soup version 0.21.0-3-g78d12a8 (webtiles) character file.

154 unrecovered the Skirmisher (level 5, -6/34 HPs)
             Began as a Gargoyle Gladiator on Jan 10, 2018.
             Killed by divine providence
             ... invoked by an orc priest
              (12 damage)
             ... on level 4 of the Dungeon.
             The game lasted 00:03:15 (1979 turns).

unrecovered the Skirmisher (Gargoyle Gladiator)     Turns: 1979, Time: 00:03:15

Health: -6/34      AC:  9    Str: 23    XL:     5   Next: 36%
Magic:  5/5        EV: 12    Int:  9    God:
Gold:   112        SH:  0    Dex: 11    Spells: 4/4 levels left

rFire    . . .     SeeInvis .   a - +0 flail
rCold    . . .     Gourm    .   (no shield)
rNeg     + . .     Faith    .   b - +0 leather armour
rPois    ∞         Spirit   .   c - +0 helmet
rElec    +         Reflect  .   k - +0 cloak
rCorr    .         Harm     .   (no gloves)
MR       .....                  (no boots)
Stlth    ++........             (no amulet)
HPRegen  0.11/turn              m - ring of stealth
MPRegen  0.09/turn              (no ring)

@: mighty
A: negative energy resistance 1, electricity resistance, unbreathing,
petrification resistance, rot immunity, AC +4
a: no special abilities


You were on level 4 of the Dungeon.
You were not hungry.

You visited 1 branch of the dungeon, and saw 4 of its levels.

You collected 112 gold pieces.

Inventory:

Hand Weapons
 a - a +0 flail (weapon)
Missiles
 d - 3 throwing nets (quivered)
Armour
 b - a +0 leather armour (worn)
 c - a +0 helmet (worn)
 k - a +0 cloak (worn)
Jewellery
 m - a ring of stealth (left hand)
 o - a +2 ring of protection {unknown}
Scrolls
 g - 2 scrolls of fog {unknown}
 i - 5 scrolls of identify {unknown}
 j - 3 scrolls of remove curse {unknown}
 n - a scroll of amnesia {unknown}
 q - a scroll of blinking {unknown}
 r - a scroll of random uselessness {unknown}
 s - a scroll of teleportation {unknown}
 t - a scroll of magic mapping {unknown}
Potions
 e - a potion of ambrosia {unknown}
 h - a potion of heal wounds {unknown}
 l - a potion of might
 p - a potion of agility {unknown}
 u - a potion of invisibility {unknown}
 w - a potion of degeneration {unknown}
Books
 v - a book of Necromancy

   Spells                             Type                      Level
   a - Pain                           Necromancy                   1
   b - Animate Skeleton               Necromancy                   1
   c - Vampiric Draining              Necromancy                   3
   d - Regeneration                   Charms/Necromancy            3
   e - Animate Dead                   Necromancy                   4
   f - Borgnjor's Vile Clutch         Necromancy/Earth             5
Comestibles
 f - 5 rations


   Skills:
 * Level 4.8 Fighting
 + Level 4.1 Maces & Flails
 - Level 1.8 Throwing
 - Level 2.5 Dodging


You had 4 spell levels left.
You didn't know any spells.

Dungeon Overview and Level Annotations

Branches:
Dungeon (4/15)
 Temple: D:4-7

Altars:


Innate Abilities, Weirdness & Mutations

You are resistant to torment.
Your stone body is resilient. (AC +4)
You are immune to poison.
You resist negative energy. (rN+)
You are resistant to electric shocks. (rElec)
You can survive without breathing.
You are immune to petrification.
You are immune to rotting.


Message History

You hit something but do no damage.
You hear some strange, mumbled words.
A magic dart appears from out of thin air!
The magic dart hits you!
* * * LOW HITPOINT WARNING * * *
The orc priest shouts!
You hit something.
Reactivating autopickup.
You feel a bit more experienced.
You hit the orc but do no damage. The orc hits you but does no damage.
The orc priest looks braver for a moment.
It was a potion of might.
You feel very mighty all of a sudden. The orc hits you with a war axe.
* * * LOW HITPOINT WARNING * * *
You closely miss the orc. The orc hits you but does no damage.
You completely miss the orc. The orc hits you but does no damage.
The orc priest invokes the aid of Beogh against you.
Beogh smites you!
You die...

## .# .#
.## .. a#
##.##
##o.o#
##@#.#.#
#?##.#
#)|..# #
#. #..###
#.#.
##.###.#
.#. #....#
..###.####
..##.#
##.##>#


You could see a worker ant, an orc priest and an orc.

Vanquished Creatures
  2 orc wizards (D:4)
  A gnoll (D:1)
  An adder (D:3)
  A worm (D:3)
  4 dart slugs
  2 leopard geckos
  An orc (D:4)
  4 giant cockroaches
  10 goblins
  5 hobgoblins
  11 jackals
  A quokka (D:3)
  5 bats
  5 frilled lizards
  7 kobolds
  7 rats
67 creatures vanquished.

Notes
Turn   | Place    | Note
-------+----------+-------------------------------------------
     0 | D:1      | unrecovered the Gargoyle Gladiator began the quest for the Orb.
     0 | D:1      | Reached XP level 1. HP: 12/12 MP: 1/1
   206 | D:1      | Reached XP level 2. HP: 18/18 MP: 2/2
   267 | D:1      | Reached XP level 3. HP: 17/23 MP: 3/3
  1022 | D:2      | Reached XP level 4. HP: 28/29 MP: 4/4
  1961 | D:4      | Reached XP level 5. HP: 22/34 MP: 5/5
  1979 | D:4      | Killed from afar by an orc priest

Skill      XL: |  1  2  3  4 |
---------------+-------------+-----
Fighting       | 3 4 |  4.8
Maces & Flails | 4 |  4.1
Throwing       | |  1.8
Dodging        | |  2.5

Action                   |  1- 3 |  4- 6 || total
-------------------------+-------+-------++-------
Melee: Flail             |   119 |   115 ||   234
Throw: Throwing net      |     1 |       ||     1
  Use: Potion            |       |     1 ||     1
 Stab: Held in net/web   |     1 |       ||     1
       Sleeping          |       |     6 ||     6
  Eat: Chunk             |       |     4 ||     4
Armor: Leather armour    |    46 |    63 ||   109
Dodge: Dodged            |    94 |    84 ||   178
